 Dungeon Crawl Stone Soup version 0.27-a0-25-g087482e4d5 (webtiles) character file.

Game seed: 3582237989497901056

438189 Helvor the Metallomancer (level 24, -4/162 HPs)
             Began as a Gargoyle Earth Elementalist on Jan 2, 2021.
             Was the Champion of Vehumet.
             Killed from afar by a tengu reaver (34 damage)
             ... with a freezing blast
             ... on level 5 of the Vaults.
             The game lasted 02:28:50 (65263 turns).

Helvor the Metallomancer (GrEE)                    Turns: 65263, Time: 02:28:51

Health: -4/162     AC: 30    Str: 17    XL:     24   Next: 5%
Magic:  38/62      EV: 20    Int: 29    God:    Vehumet [******]
Gold:   4438       SH:  0    Dex: 15    Spells: 14/50 levels left

rFire    . . .     SeeInvis +   H - +10 morningstar of Zianub {vorpal, rN+ MP+9 Dex+3}
rCold    . . .     Faith    .   (no shield)
rNeg     + + .     Spirit   .   u - +2 robe {Archmagi}
rPois    ∞         Reflect  .   X - +1 hat of Ratu {Slay+5 SInv Stlth+}
rElec    +         Harm     .   p - +2 cloak
rCorr    .         Rampage  .   Z - +1 pair of gloves of Foolhardiness {Will+}
Will     +++..     Clarity  +   j - +0 pair of boots of Truth {MP+9}
Stlth    +++.......             V - amulet "Mocuj" {Acrobat Fragile +Inv rPois}
HPRegen  0.37/turn              l - +6 ring of intelligence
MPRegen  0.38/turn              o - ring of Moderation {Wiz Will+}

@: flying, very slightly contaminated
A: big wings, agile 1, clarity, high mp 1, negative energy resistance 1, robust
1, electricity resistance, unbreathing, petrification resistance, miasma
immunity, AC +18
}: 2/15 runes: barnacled, gossamer
a: Stop Flying, Renounce Religion, Evoke Invisibility


You were on level 5 of the Vaults.
You worshipped Vehumet.
Vehumet was exalted by your worship.
You visited 9 branches of the dungeon, and saw 41 of its levels.
You visited the Abyss 1 time.
You also visited: Gauntlet, Ice Cave and Wizlab.

You collected 7897 gold pieces.
You spent 3459 gold pieces at shops.

Inventory:

Hand Weapons
 H - the +10 morningstar of Zianub (weapon) {vorpal, rN+ MP+9 Dex+3}
   (You took it off a minotaur in a Gauntlet)

   It inflicts extra damage upon your enemies.
   It affects your dexterity (+3).
   It protects you from negative energy.
   It affects your magic capacity (+9).
Missiles
 I - 11 throwing nets (quivered)
Armour
 j - the +0 pair of boots of Truth (worn) {MP+9}
   (You found it in an ice cave)

   It affects your magic capacity (+9).
 p - a +2 cloak (worn)
 u - a +2 robe of the Archmagi (worn)
 M - a scarf of resistance
 X - the +1 hat of Ratu (worn) {Slay+5 SInv Stlth+}
   (You acquired it on level 1 of the Elven Halls)

   It affects your accuracy and damage with ranged weapons and melee attacks
   (+5).
   It lets you see invisible.
   It makes you more stealthy.
 Z - the +1 pair of gloves of Foolhardiness (worn) {Will+}
   (You found it on level 3 of the Elven Halls)

   It affects your willpower, your defense against some magical effects.
Jewellery
 d - a +4 ring of protection
 l - a +6 ring of intelligence (left hand)
 o - the ring of Moderation (right hand) {Wiz Will+}
   (You took it off a minotaur in a Gauntlet)

   [ring of wizardry]

   It improves your spell success rate.
   It affects your willpower, your defense against some magical effects.
 V - the amulet "Mocuj" (around neck) {Acrobat Fragile +Inv rPois}
   (You found it on level 4 of the Shoals)

   [amulet of the acrobat]

   It helps you evade while moving and waiting.
   It protects you from poison.
   It lets you turn invisible.
   It will be destroyed if unequipped.
Wands
 m - a wand of acid (9)
 r - a wand of paralysis (35)
 C - a wand of disintegration (76)
 K - a wand of digging (8)
 N - a wand of polymorph (37)
 O - a wand of iceblast (15)
 W - a wand of enslavement (10)
Scrolls
 c - a scroll of enchant armour
 f - 5 scrolls of amnesia
 h - 15 scrolls of teleportation
 k - 3 scrolls of brand weapon
 q - 17 scrolls of remove curse
 t - 9 scrolls of fear
 x - 5 scrolls of enchant weapon
 z - 4 scrolls of blinking
 B - 2 scrolls of magic mapping
 D - a scroll of silence
 J - 19 scrolls of identify
 L - 2 scrolls of fog
 R - 2 scrolls of holy word
 S - a scroll of summoning
Potions
 a - 5 potions of heal wounds
 g - 6 potions of brilliance
 i - 7 potions of haste
 n - 5 potions of might
 s - 13 potions of curing
 w - 2 potions of ambrosia
 A - 5 potions of berserk rage
 E - 4 potions of cancellation
 F - 3 potions of resistance
 Q - a potion of invisibility
 U - a potion of mutation
Miscellaneous
 e - a condenser vane
 v - a box of beasts
 y - a lightning rod (4/4)
 P - a phial of floods


   Skills:
 + Level 14.4 Fighting
 + Level 13.4 Maces & Flails
 - Level 6.0 Armour
 + Level 11.7 Dodging
 - Level 2.1 Stealth
 + Level 13.8 Spellcasting
 + Level 15.8 Conjurations
 - Level 0.7 Transmutations
 + Level 17.9 Fire Magic
 - Level 22.0 Earth Magic
 - Level 10.0 Evocations


You had 14 spell levels left.
You knew the following spells:

 Your Spells              Type           Power        Failure   Level
a - Shatter               Erth           61%          3%          9
b - Stone Arrow           Conj/Erth      100%         0%          3
c - Lee's Rapid Deconstr  Erth           61%          0%          5
d - Iron Shot             Conj/Erth      57%          1%          6
e - Bolt of Magma         Conj/Fire/Erth 56%          1%          5
g - Ignition              Fire           56%          1%          8

Your spell library contained the following spells:

 Spells                   Type           Power        Failure   Level
 Fire Storm               Conj/Fire      54%          24%         9
 Chain Lightning          Conj/Air       39%          50%         8
 Foxfire                  Conj/Fire      100%         0%          1
 Magic Dart               Conj           100%         0%          1
 Sandblast                Erth           100%         0%          1
 Searing Ray              Conj           100%         0%          2
 Conjure Flame            Conj/Fire      100%         0%          3
 Animate Skeleton         Necr           60%          1%          1
 Apportation              Tloc           60%          1%          1
 Beastly Appendage        Tmut           72%          1%          1
 Corona                   Hex            33%          1%          1
 Freeze                   Ice            100%         1%          1
 Shock                    Conj/Air       100%         1%          1
 Summon Small Mammal      Summ           100%         1%          1
 Blink                    Tloc           N/A          1%          2
 Corpse Rot               Necr/Air       N/A          1%          2
 Ensorcelled Hibernation  Hex/Ice        60%          1%          2
 Passwall                 Tmut/Erth      75%          1%          2
 Slow                     Hex            30%          1%          2
 Swiftness                Air            30%          1%          2
 Wereblood                Tmut           36%          1%          2
 Dazzling Flash           Conj/Hex       100%         1%          3
 Frozen Ramparts          Ice            60%          1%          3
 Ignite Poison            Fire/Tmut/Pois 71%          1%          3
 Inner Flame              Hex/Fire       83%          1%          3
 Static Discharge         Conj/Air       78%          1%          3
 Fulminant Prism          Conj/Hex       39%          1%          4
 Hailstorm                Conj/Ice       78%          1%          4
 Iskenderun's Mystic Bla  Conj/Tloc      78%          1%          4
 Leda's Liquefaction      Hex/Erth       45%          1%          4
 Petrify                  Tmut/Erth      91%          1%          4
 Sticky Flame             Conj/Fire      100%         1%          4
 Fireball                 Conj/Fire      54%          1%          5
 Irradiate                Conj/Tmut      40%          1%          5
 Iskenderun's Battlesphe  Conj           100%         1%          5
 Lightning Bolt           Conj/Air       39%          1%          5
 Conjure Ball Lightning   Conj/Air       39%          1%          6
 Starburst                Conj/Fire      54%          1%          6
 Orb of Destruction       Conj           53%          1%          7
 Spider Form              Tmut/Pois      16%          2%          3
 Confusing Touch          Hex            30%          3%          3
 Gell's Gravitas          Tloc           15%          3%          3
 Lesser Beckoning         Tloc           15%          3%          3
 Ozocubu's Armour         Ice            30%          3%          3
 Portal Projectile        Hex/Tloc       60%          3%          3
 Teleport Other           Tloc           30%          3%          3
 Tukima's Dance           Hex            30%          3%          3
 Airstrike                Air            15%          3%          4
 Yara's Violent Unravell  Hex/Tmut       16%          7%          5
 Ice Form                 Ice/Tmut       33%          9%          4
 Spellforged Servitor     Conj/Summ      39%          10%         7
 Cause Fear               Hex            15%          11%         4
 Passage of Golubria      Tloc           N/A          11%         4
 Summon Ice Beast         Ice/Summ       30%          11%         4
 Summon Lightning Spire   Summ/Air       30%          11%         4
 Blade Hands              Tmut           18%          21%         5
 Agony                    Necr           30%          26%         5
 Metabolic Englaciation   Hex/Ice        15%          26%         5
 Silence                  Hex/Air        15%          26%         5
 Hydra Form               Tmut           18%          71%         6
 Simulacrum               Ice/Necr       15%          80%         6
 Dragon Form              Tmut           18%          99%         7
 Haunt                    Necr/Summ      15%          100%        7
 Borgnjor's Revivificati  Necr           15%          100%        8
 Discord                  Hex            15%          100%        8
 Infestation              Necr           15%          100%        8
 Necromutation            Tmut/Necr      16%          100%        8
 Death's Door             Necr           15%          100%        9
 Dragon's Call            Summ           15%          100%        9
 Tornado                  Air            15%          100%        9
 Sublimation of Blood     Necr           Unusable     N/A         2
 Statue Form              Tmut/Erth      Unusable     N/A         6

Dungeon Overview and Level Annotations

Branches:
Dungeon (15/15)            Temple (1/1) D:7            Lair (6/6) D:11
 Shoals (4/4) Lair:4       Spider (4/4) Lair:2        Slime (0/5) Lair:6
    Orc (2/2) D:12            Elf (3/3) Orc:2        Vaults (5/5) D:14
  Crypt (1/3) Vaults:3     Depths (0/5) D:15          IceCv (visited)
 WizLab (visited)         Gauntlet (visited)

Altars:
Ashenzari
Cheibriados
Dithmenos
Elyvilon
Fedhas
Gozag
Hepliaklqana
Kikubaaqudgha
Makhleb
Nemelex Xobeh
Okawaru
Qazlal
Ru
Sif Muna
Trog
Uskayaw
Vehumet
Wu Jian
Xom
Yredelemnul
Zin
The Shining One

Shops:
D:8 }   D:11 (   Orc:2 ?[!:   Elf:3 ?([}(=}=   Shoals:2 *   Shoals:3 (
Vaults:1 :

Annotations:
D:8 2 transporters, Conn's ghost, novice OpFE
Elf:2 3 runed translucent doors


Innate Abilities, Weirdness & Mutations

You are resistant to torment.
Your stone body is resilient. (AC +18)
You are immune to poison.
Your large and strong wings let you fly indefinitely.
You resist negative energy. (rN+)
You are resistant to electric shocks. (rElec)
You can survive without breathing.
You are immune to petrification.
You are immune to miasma.
You are agile. (Dex +2)
You possess an exceptional clarity of mind.
You have an increased reservoir of magic. (+10% MP)
You are robust. (+10% HP)


Message History

You feel your power returning.
The runic seals fade away.
The titan is almost dead.
You destroy the war gargoyle!
Vehumet accepts your kill.
You feel your power returning.
You kill the yaktaur captain!
Vehumet accepts your kill.
You feel your power returning.
The deep elf high priest is heavily wounded.
The vault guard is severely wounded.
You kill the deep elf sorcerer!
Vehumet accepts your kill.
You feel your power returning.
The ironheart preserver is almost dead.
Ka-crash!
You hear a shout! x2; You hear two shouts!
You hear a shout!
A shadow dragon comes into view.
An ogre mage comes into view. It is wielding a +0 spear.
The tengu reaver casts a spell at you. The freezing blast engulfs you!!
You die...

#...e...)...p
#)#).......)
.)))Q.)..)# . #
#.....)).##.)
......))))...#
D.#.#.....)..#.
O.....°°○<..)..
..)$D☼°@○.<.)).
.p..).○☼○<..)..
.......)..)....
)#.)#...)u)..).
#.. ....)).....
.. ...#†...#...
. ........C..(†
..............


You could see a shadow dragon, an ironheart preserver, a titan, a golden dragon,
a cyan very ugly thing, a tengu reaver, a vault guard, an ogre mage and a deep
elf high priest.

Vanquished Creatures
  An ancient lich (Vaults:5)
  Bai Suzhen (Shoals:3)
  Saint Roka (Vaults:1)
  Arachne (Spider:3)
  An Ice Fiend (IceCv)
  A lich (Vaults:4)
  A tentacled monstrosity (Vaults:5)
  A quicksilver dragon (Vaults:5)
  4 deep elf master archers (Elf:3)
  A deep elf blademaster (Elf:3)
  The ghost of Beaer the Peltast, an adept VSBr of Okawaru (Elf:3)
  A sphinx (Elf:1)
  An ancient champion (Vaults:3)
  3 krakens
  Roxanne (Elf:3)
  A storm dragon (Vaults:4)
  13 deep elf sorcerers
  3 fire giants
  4 frost giants
  11 vault wardens
  5 ghost moths
  4 deep elf elementalists
  2 emperor scorpions (Spider:4)
  3 war gargoyles (Vaults:5)
  12 ironheart preservers
  6 very ugly things
  3 stone giants
  9 deep elf demonologists
  3 entropy weavers
  9 deep elf annihilators
  A minotaur (Gauntlet)
  A dire elephant (D:15)
  4 spark wasps (Spider:4)
  2 eidola (Vaults:3)
  11 merfolk impalers
  4 deep elf death magi (Elf:3)
  3 fire dragons (Elf:1)
  A jiangshi (Vaults:3)
  3 merfolk javelineers (Shoals:4)
  Josephine (Shoals:1)
  4 ettins
  2 deep elf high priests (Elf:3)
  15 ogre magi
  2 great orbs of eyes
  19 hydras
  7 yaktaur captains
  Harold (Orc:1)
  10 boulder beetles
  A hydra (shapeshifter) (Vaults:3)
  3 merfolk avatars
  5 rakshasas
  39 vault guards
  8 centaur warriors
  2 alligator snapping turtles (Shoals:4)
  52 two-headed ogres
  3 ice dragons
  18 dancing weapons
  A catoblepas (D:13)
  5 merfolk aquamancers
  2 satyrs
  A tengu warrior (D:15)
  3 death yaks (Lair:5)
  A thrashing horror (Abyss:2)
  2 deep troll shamans (Vaults:3)
  Urug (D:9)
  A soul eater (Abyss:2)
  27 deep elf knights
  3 unseen horrors
  An entropy weaver zombie (Vaults:3)
  4 deep trolls
  A flayed ghost (Vaults:4)
  10 sea snakes
  4 wizards
  2 glowing orange brains
  A tengu zombie (Vaults:4)
  21 ironbrand convokers
  Pikel (D:5)
  2 necromancers
  A wolf spider zombie (D:14)
  A phantasmal warrior (Vaults:1)
  24 deep elf archers
  An orb spider (shapeshifter) (Vaults:4)
  7 orc sorcerers
  16 manticores
  3 oklob plants
  A shadow dragon zombie (Vaults:4)
  41 harpies
  37 wolf spiders
  12 orc knights
  6 fauns
  79 deep elf magi
  A tengu skeleton (Vaults:4)
  8 cyclopes
  37 ugly things
  11 orb spiders
  A shining eye (shapeshifter) (Elf:2)
  5 moths of wrath
  A salamander (D:15)
  25 elephants
  14 vault sentinels
  5 black mambas
  An eye of devastation (shapeshifter) (D:14)
  An ice statue (IceCv)
  4 centaur skeletons
  2 black mambas (shapeshifter)
  An orange demon (Abyss:2)
  A smoke demon (Abyss:2)
  7 merfolk sirens
  3 torpor snails
  5 water nymphs
  6 rime drakes
  A cane toad (shapeshifter) (Vaults:3)
  16 cane toads
  A minotaur zombie (Gauntlet)
  2 yaktaurs (shapeshifter) (Vaults:3)
  A human zombie (Vaults:3)
  A yaktaur zombie (Vaults:3)
  4 kobold demonologists (D:15)
  Maggie (D:9)
  9 demonic crawlers
  19 komodo dragons
  A tengu conjurer (D:13)
  A golden dragon simulacrum (IceCv)
  A komodo dragon (shapeshifter) (Vaults:4)
  5 freezing wraiths
  3 efreet
  27 yaktaurs
  4 anaconda simulacra (IceCv)
  A queen bee (shapeshifter) (Vaults:4)
  7 ice devils (IceCv)
  34 merfolk
  A hornet (shapeshifter) (Vaults:3)
  30 jumping spiders
  4 polar bears
  A meliai (shapeshifter) (D:14)
  7 wind drakes
  A wolf spider simulacrum (IceCv)
  14 trolls
  16 hornets
  11 snapping turtles
  20 blink frogs
  25 slime creatures
  A raiju (shapeshifter) (Vaults:1)
  3 raiju (Abyss:2)
  3 dream sheep
  An ettin zombie (Vaults:3)
  3 centaur simulacra
  4 wraiths
  A shadow (D:15)
  23 tarantellas
  16 water elementals
  3 air elementals
  3 vampires
  44 redbacks
  4 dire elephant simulacra (IceCv)
  6 wyverns
  10 basilisks
  57 yaks
  4 fire elementals
  A hog (shapeshifter) (Vaults:1)
  A golden eye (shapeshifter) (Elf:2)
  A neqoxec (Abyss:2)
  A yaktaur simulacrum (Vaults:3)
  4 vampire mosquitoes (D:14)
  A swamp worm (Elf:1)
  11 wargs
  4 harpy simulacra (IceCv)
  Menkaure (D:5)
  5 iron troll simulacra (IceCv)
  A soldier ant (shapeshifter) (Vaults:1)
  4 acid dragons
  A soldier ant (D:11)
  A hydra simulacrum (IceCv)
  19 water moccasins
  8 hell hounds
  An ice beast (shapeshifter) (Vaults:2)
  2 ice beasts
  48 orc warriors
  2 sky beasts
  6 black bears
  49 ogres
  2 phantoms
  13 wolves
  7 boggarts
  An eye of draining (D:11)
  17 centaurs
  A big kobold (D:13)
  26 bullfrogs
  2 earth elementals (Elf:2)
  A water moccasin skeleton (D:6)
  4 scorpions
  12 wights
  2 howler monkeys (D:13)
  9 electric eels
  4 centaur zombies
  A quasit (D:9)
  3 bullfrog zombies
  4 draconian simulacra (IceCv)
  8 hounds
  16 orc priests
  3 iguanas
  3 jellies
  32 orc wizards
  A bullfrog skeleton (D:8)
  Jessica (D:9)
  A troll simulacrum (IceCv)
  A hell rat (Elf:1)
  12 worker ants
  A polar bear simulacrum (IceCv)
  3 spriggan simulacra (IceCv)
  A killer bee zombie (D:8)
  2 hound skeletons
  A howler monkey skeleton (D:4)
  A howler monkey zombie (D:8)
  2 ogre simulacra (IceCv)
  10 adders
  9 gnolls
  A naga simulacrum (IceCv)
  A shadow imp (D:8)
  7 white imps
  9 ufetubi
  2 oozes (D:3)
  An adder skeleton (D:9)
  4 worms
  5 leopard geckos
  100 orcs
  2 ball pythons (D:1)
  2 bats
  10 giant cockroaches
  14 goblins
  9 hobgoblins
  10 jackals
  13 kobolds
  4 quokkas
  9 frilled lizards
  A giant cockroach zombie (D:6)
  A quokka zombie (D:8)
  9 rats
  16 butterflies (Elf:1)
  2 crawling corpses (Elf:3)
  4 tentacles (Shoals:2)
1872 creatures vanquished.

Vanquished Creatures (collateral kills)
  3 slime creatures (Vaults:1)
  An orc warrior (Vaults:1)
  A fungus (D:11)
5 creatures vanquished.

Vanquished Creatures (others)
  A deep elf blademaster (Elf:3)
  A deep elf knight (Vaults:3)
  A dream sheep (Shoals:3)
  A tarantella (Spider:1)
  A centaur (D:15)
  2 bushes (Lair:5)
  49 fungi
  132 plants
  17 tentacles
205 creatures vanquished.

Grand Total: 2082 creatures vanquished

Notes
Turn   | Place    | Note
-------+----------+-------------------------------------------
     0 | D:1      | Helvor the Gargoyle Earth Elementalist began the quest for
                  | the Orb.
     0 | D:1      | Reached XP level 1. HP: 10/10 MP: 3/3
    77 | D:1      | Reached XP level 2. HP: 12/15 MP: 1/5
   142 | D:1      | Reached skill level 4 in Earth Magic
   843 | D:1      | Reached XP level 3. HP: 19/19 MP: 6/6
   851 | D:1      | Learned a level 3 spell: Stone Arrow
  1836 | D:2      | Reached skill level 1 in Conjurations
  1841 | D:2      | Reached XP level 4. HP: 19/24 MP: 4/8
  2135 | D:2      | Reached skill level 5 in Earth Magic
  2195 | D:2      | Found an ancient bone altar of Kikubaaqudgha.
  2219 | D:2      | Found an opulent altar of Gozag.
  2238 | D:2      | Reached XP level 5. HP: 28/28 MP: 7/9
  2297 | D:2      | Learned a level 5 spell: Lee's Rapid Deconstruction
  2775 | D:2      | Found a bloodstained altar of Trog.
  3158 | D:3      | Found a stormy altar of Qazlal.
  3196 | D:3      | Found a shadowy altar of Dithmenos.
  3455 | D:3      | Found a blossoming altar of Fedhas.
  3462 | D:3      | Found a hazy altar of Hepliaklqana.
  4222 | D:4      | Reached XP level 6. HP: 32/32 MP: 11/11
  4777 | D:5      | Entered Level 5 of the Dungeon
  4812 | D:5      | Reached skill level 6 in Earth Magic
  4944 | D:5      | Noticed Pikel
  4962 | D:5      | Killed Pikel
  4963 | D:5      | Reached skill level 5 in Spellcasting
  4963 | D:5      | Reached skill level 7 in Earth Magic
  4963 | D:5      | Reached XP level 7. HP: 33/36 MP: 5/14
  5035 | D:5      | Found an opulent altar of Gozag.
  5063 | D:5      | Noticed Menkaure
  5068 | D:5      | Killed Menkaure
  5069 | D:5      | Reached skill level 5 in Conjurations
  5069 | D:5      | Reached XP level 8. HP: 41/41 MP: 9/15
  5200 | D:5      | Found a bloodstained altar of Trog.
  5463 | D:5      | Found a shadowy altar of Dithmenos.
  5463 | D:5      | Found an iron altar of Okawaru.
  6023 | D:6      | Reached skill level 8 in Earth Magic
  6131 | D:6      | Noticed a yak
  6137 | D:6      | Noticed a yak
  6140 | D:6      | Noticed a yak
  6145 | D:6      | Killed a yak
  6147 | D:6      | Killed a yak
  6148 | D:6      | Killed a yak
  6149 | D:6      | Reached XP level 9. HP: 45/45 MP: 2/18
  6624 | D:6      | Found a white marble altar of Elyvilon.
  6733 | D:6      | Reached skill level 9 in Earth Magic
  6859 | D:6      | Found a sacrificial altar of Ru.
  7266 | D:7      | Found a staircase to the Ecumenical Temple.
  7296 | Temple   | Entered the Ecumenical Temple
  7448 | Temple   | Became a worshipper of Vehumet
  7703 | D:7      | Reached skill level 1 in Fighting
  7703 | D:7      | Reached skill level 1 in Armour
  7772 | D:7      | Reached skill level 1 in Maces & Flails
  7789 | D:7      | Reached skill level 1 in Evocations
  8364 | D:8      | Identified the +9 great mace "Embalmer" {antimagic, rElec
                  | rF+ SInv}
  8365 | D:8      | Found a bloodstained altar of Trog.
  8365 | D:8      | Noticed Conn's ghost (novice OpFE)
  8366 | D:8      | Noticed a two-headed ogre
  8366 | D:8      | Noticed a moth of wrath
  8563 | D:8      | Reached * piety under Vehumet
  8563 | D:8      | Offered knowledge of Foxfire by Vehumet.
  8725 | D:8      | Found a transporter.
  8729 | D:8      | Found a transporter.
  8975 | D:8      | Found Dyxutwaw's Gadget Boutique.
  9085 | D:9      | Noticed Maggie
  9099 | D:9      | Killed Maggie
  9113 | D:9      | Reached XP level 10. HP: 25/54 MP: 11/20
  9392 | D:9      | Gained mutation: You are frail. (-10% HP) [potion of
                  | mutation]
  9392 | D:9      | Gained mutation: You possess an exceptional clarity of
                  | mind. [potion of mutation]
  9581 | D:9      | Lost mutation: You possess an exceptional clarity of mind.
                  | [potion of mutation]
  9581 | D:9      | Lost mutation: You are frail. (-10% HP) [potion of
                  | mutation]
  9581 | D:9      | Gained mutation: You are frail. (-10% HP) [potion of
                  | mutation]
  9581 | D:9      | Gained mutation: Your flesh is cold resistant. (rC+)
                  | [potion of mutation]
  9825 | D:9      | Noticed Jessica
  9829 | D:9      | Killed Jessica
  9846 | D:9      | Found a shimmering blue altar of Sif Muna.
 10025 | D:10     | Entered Level 10 of the Dungeon
 10096 | D:10     | Noticed Urug
 10120 | D:9      | Killed Urug
 10121 | D:9      | Reached skill level 10 in Earth Magic
 10612 | D:10     | Reached ** piety under Vehumet
 10613 | D:10     | Reached XP level 11. HP: 46/54 MP: 9/22
 10938 | D:10     | Offered knowledge of Shock by Vehumet.
 11131 | D:11     | Noticed a manticore
 11144 | D:11     | Killed a manticore
 11283 | D:11     | Noticed a five-headed hydra
 11294 | D:11     | Killed a five-headed hydra
 11296 | D:11     | Found a burning altar of Makhleb.
 11409 | D:11     | Found Beah's Antique Weapon Emporium.
 11417 | D:11     | Bought a jewelled rapier for 252 gold pieces
 11417 | D:11     | Identified the +1 rapier of the Whelk {drain, rPois rC+
                  | Str+4} (You bought it in a shop on level 11 of the Dungeon)
 11461 | D:11     | Noticed a white ugly thing
 11467 | D:11     | Killed a white ugly thing
 11605 | D:11     | Reached skill level 5 in Fighting
 11614 | D:11     | Found a staircase to the Lair.
 12084 | D:12     | Offered knowledge of Conjure Flame by Vehumet.
 12116 | D:12     | Found a gate leading to a gauntlet.
 12133 | Gauntlet | Entered a Gauntlet
 12133 | Gauntlet | Found a transporter.
 12136 | Gauntlet | Found a transporter.
 12139 | Gauntlet | Noticed a balrug
 12140 | Gauntlet | Found a transporter.
 12140 | Gauntlet | Found a transporter.
 12143 | Gauntlet | Found a transporter.
 12144 | Gauntlet | Found a transporter.
 12148 | Gauntlet | Found a runed translucent door.
 12148 | Gauntlet | Noticed a wizard
 12148 | Gauntlet | Noticed a catoblepas
 12150 | Gauntlet | Found a runed translucent door.
 12150 | Gauntlet | Noticed a wizard
 12152 | Gauntlet | Found a transporter.
 12153 | Gauntlet | Found a transporter.
 12169 | Gauntlet | Found a large runed translucent door.
 12169 | Gauntlet | Found a large runed translucent door.
 12170 | Gauntlet | Found a large runed translucent door.
 12171 | Gauntlet | Found a large runed translucent door.
 12172 | Gauntlet | Found a runed translucent gate.
 12173 | Gauntlet | Found a transporter.
 12173 | Gauntlet | Found a runed translucent gate.
 12174 | Gauntlet | Found a runed translucent gate.
 12174 | Gauntlet | Found a large runed translucent door.
 12175 | Gauntlet | Found a large runed translucent door.
 12175 | Gauntlet | Found a large runed translucent door.
 12176 | Gauntlet | Found a large runed translucent door.
 12177 | Gauntlet | Found a large runed translucent door.
 12186 | Gauntlet | Found a large runed translucent door.
 12186 | Gauntlet | Found a large runed translucent door.
 12186 | Gauntlet | Found a runed translucent door.
 12186 | Gauntlet | Found a runed translucent door.
 12187 | Gauntlet | Found a large runed translucent door.
 12188 | Gauntlet | Found a large runed translucent door.
 12190 | Gauntlet | Found a transporter.
 12194 | Gauntlet | Found a transporter.
 12197 | Gauntlet | Found a large runed translucent door.
 12197 | Gauntlet | Found a large runed translucent door.
 12199 | Gauntlet | Noticed a white ugly thing
 12200 | Gauntlet | Noticed a great orb of eyes
 12202 | Gauntlet | Found a transporter.
 12230 | Gauntlet | Found a large runed translucent door.
 12406 | Gauntlet | Got a shimmering jade ring
 12410 | Gauntlet | Paralysed by a great orb of eyes for 2 turns
 12435 | Gauntlet | Paralysed by a great orb of eyes for 5 turns
 12442 | Gauntlet | Paralysed by a great orb of eyes for 4 turns
 12447 | Gauntlet | Killed a great orb of eyes
 12451 | Gauntlet | Identified the ring "Cice" {*Slow rCorr Dex+6} (You found
                  | it in a Gauntlet)
 12726 | Gauntlet | Reached skill level 5 in Armour
 12737 | Gauntlet | Got a fine wooden ring
 12738 | Gauntlet | Identified the ring "Mofoufie" {+Fly rC+ Stlth+} (You found
                  | it in a Gauntlet)
 12822 | Gauntlet | Identified the +10 morningstar of Zianub {vorpal, rN+ MP+9
                  | Dex+3}
 12822 | Gauntlet | Identified the ring of Moderation {Wiz Will+}
 12822 | Gauntlet | Noticed a minotaur
 12829 | Gauntlet | Killed a minotaur
 12830 | Gauntlet | Reached skill level 5 in Maces & Flails
 12932 | Gauntlet | Identified the Handbook of Blistering Evil
 12934 | Gauntlet | Got a steaming short sword
 12935 | Gauntlet | Identified the cursed +1 short sword "Mukh" {vorpal, Will+
                  | Dex+2} (You found it in a Gauntlet)
 13318 | D:12     | Reached *** piety under Vehumet
 13767 | D:12     | Reached XP level 12. HP: 62/62 MP: 24/24
 13794 | D:12     | Found a staircase to the Orcish Mines.
 13799 | D:12     | Offered knowledge of Ignite Poison by Vehumet.
 14168 | D:12     | Lost mutation: Your flesh is cold resistant. (rC+) [potion
                  | of mutation]
 14168 | D:12     | Lost mutation: You are frail. (-10% HP) [potion of
                  | mutation]
 14168 | D:12     | Gained mutation: Potions are less effective at restoring
                  | your health. [potion of mutation]
 14168 | D:12     | Gained mutation: Your flesh is heat resistant. (rF+)
                  | [potion of mutation]
 14170 | D:12     | Lost mutation: Your flesh is heat resistant. (rF+) [potion
                  | of mutation]
 14170 | D:12     | Lost mutation: Potions are less effective at restoring your
                  | health. [potion of mutation]
 14170 | D:12     | Gained mutation: Your magical capacity is low. (-10% MP)
                  | [potion of mutation]
 14170 | D:12     | Gained mutation: You are dopey. (Int -2) [potion of
                  | mutation]
 14170 | D:12     | Gained mutation: You possess an exceptional clarity of
                  | mind. [potion of mutation]
 14624 | D:13     | Noticed a centaur warrior
 14633 | D:13     | Killed a centaur warrior
 14634 | D:13     | Reached skill level 11 in Earth Magic
 14693 | D:13     | Reached skill level 5 in Dodging
 14697 | D:13     | Noticed a centaur warrior
 14702 | D:13     | Killed a centaur warrior
 14767 | D:13     | Noticed a catoblepas
 14776 | D:13     | Killed a catoblepas
 14777 | D:13     | Reached skill level 5 in Evocations
 14783 | D:13     | Learned a level 5 spell: Bolt of Magma
 14991 | D:13     | Lost mutation: Your magical capacity is low. (-10% MP)
                  | [potion of mutation]
 14991 | D:13     | Lost mutation: You are dopey. (Int -2) [potion of mutation]
 14991 | D:13     | Gained mutation: You have an increased reservoir of magic.
                  | (+10% MP) [potion of mutation]
 14991 | D:13     | Gained mutation: You are agile. (Dex +2) [potion of
                  | mutation]
 14991 | D:13     | Gained mutation: You are robust. (+10% HP) [potion of
                  | mutation]
 15051 | D:13     | Reached skill level 1 in Fire Magic
 15063 | D:13     | Reached **** piety under Vehumet
 15174 | D:13     | Found a shimmering altar of Xom.
 15175 | D:13     | Found a shimmering altar of Xom.
 15175 | D:13     | Found a shimmering altar of Xom.
 15189 | D:13     | Offered knowledge of Dazzling Flash by Vehumet.
 15228 | D:13     | Found a shimmering altar of Xom.
 15256 | D:13     | Found a shimmering altar of Xom.
 15256 | D:13     | Found a shimmering altar of Xom.
 15261 | D:13     | Found a shimmering altar of Xom.
 15971 | D:14     | Reached XP level 13. HP: 83/83 MP: 22/28
 16331 | D:14     | Reached skill level 10 in Conjurations
 16640 | D:14     | Found a gate to the Vaults.
 16751 | D:14     | Found a glowing golden altar of the Shining One.
 17136 | Lair:1   | Entered Level 1 of the Lair of Beasts
 17782 | Lair:1   | Reached skill level 5 in Fire Magic
 17883 | Lair:1   | Reached ***** piety under Vehumet
 18394 | Lair:2   | Found a hole to the Spider Nest.
 18560 | Lair:2   | Reached skill level 12 in Earth Magic
 18602 | Lair:2   | Offered knowledge of Iskenderun's Mystic Blast by Vehumet.
 19231 | Lair:2   | Gained mutation: Your large and strong wings let you fly
                  | indefinitely. [Gargoyle growth]
 19231 | Lair:2   | Reached XP level 14. HP: 41/92 MP: 30/30
 19920 | Lair:3   | You are sucked into a shaft and drop 2 floors!
 20546 | Lair:4   | You are sucked into a shaft and drop 2 floors!
 20546 | Lair:6   | Entered Level 6 of the Lair of Beasts
 21286 | Lair:3   | Offered knowledge of Eringya's Noxious Bog by Vehumet.
 22194 | Lair:4   | Found a staircase to the Shoals.
 22733 | Lair:4   | Reached skill level 10 in Spellcasting
 23648 | Lair:6   | Reached XP level 15. HP: 78/99 MP: 31/31
 24317 | Lair:6   | Reached skill level 13 in Earth Magic
 25501 | Lair:6   | Found a staircase to the Slime Pits.
 25605 | Lair:6   | Offered knowledge of Iskenderun's Battlesphere by Vehumet.
 26266 | Orc:1    | Entered Level 1 of the Orcish Mines
 26310 | Orc:1    | Noticed Harold
 26318 | Orc:1    | Killed Harold
 26700 | Orc:1    | You are sucked into a shaft and drop 1 floor!
 26700 | Orc:2    | Entered Level 2 of the Orcish Mines
 26998 | Orc:1    | Found an iron altar of Okawaru.
 27926 | Orc:2    | Found Peffol's Magic Scroll Shop.
 28173 | Orc:2    | Reached XP level 16. HP: 92/106 MP: 33/33
 28218 | Orc:2    | Reached skill level 10 in Fighting
 28548 | Orc:2    | Reached skill level 10 in Fire Magic
 28612 | Orc:2    | Found Alio's Antique Armour Emporium.
 28617 | Orc:2    | Found Lafa's Distillery.
 28618 | Orc:2    | Found Jeotheur's Book Boutique.
 28625 | Orc:2    | Found a staircase to the Elven Halls.
 28649 | Orc:2    | Bought a book of Fire for 910 gold pieces
 28655 | Orc:2    | Bought a potion of curing for 42 gold pieces
 28655 | Orc:2    | Bought a potion of curing for 42 gold pieces
 28655 | Orc:2    | Bought a potion of invisibility for 112 gold pieces
 28655 | Orc:2    | Bought a potion of heal wounds for 70 gold pieces
 28673 | Orc:2    | Bought a scroll of identify for 28 gold pieces
 28673 | Orc:2    | Bought a scroll of identify for 28 gold pieces
 28673 | Orc:2    | Bought a scroll of blinking for 105 gold pieces
 28673 | Orc:2    | Bought a scroll of identify for 28 gold pieces
 28673 | Orc:2    | Bought a scroll of holy word for 105 gold pieces
 28673 | Orc:2    | Bought a scroll of identify for 28 gold pieces
 28673 | Orc:2    | Bought a scroll of summoning for 133 gold pieces
 28673 | Orc:2    | Bought a scroll of teleportation for 42 gold pieces
 29137 | D:15     | Entered Level 15 of the Dungeon
 29611 | D:15     | Offered knowledge of Ozocubu's Refrigeration by Vehumet.
 30317 | D:15     | Found a staircase to the Depths.
 30867 | Shoals:1 | Entered Level 1 of the Shoals
 30878 | Shoals:1 | Found a frozen archway.
 30884 | IceCv    | Entered an ice cave
 31778 | IceCv    | Reached ****** piety under Vehumet
 31944 | IceCv    | Noticed an Ice Fiend
 31949 | IceCv    | Killed an Ice Fiend
 31951 | IceCv    | Offered knowledge of Spellforged Servitor by Vehumet.
 32067 | IceCv    | Got a pair of transparent boots
 32077 | IceCv    | Identified the +0 pair of boots of Truth {MP+9} (You found
                  | it in an ice cave)
 33052 | Shoals:1 | Noticed Josephine
 33056 | Shoals:1 | Killed Josephine
 33267 | Shoals:1 | Noticed a kraken
 33288 | Shoals:1 | Killed a kraken
 34708 | Shoals:2 | Reached XP level 17. HP: 79/113 MP: 35/35
 34713 | Shoals:2 | Reached skill level 14 in Earth Magic
 34976 | Shoals:2 | Noticed a kraken
 35309 | Shoals:2 | Noticed a kraken
 35315 | Shoals:2 | Killed a kraken
 35433 | Shoals:2 | Reached skill level 10 in Maces & Flails
 35638 | Shoals:2 | Found Xetix's General Store.
 35675 | Shoals:2 | Bought a potion of curing for 48 gold pieces
 35675 | Shoals:2 | Bought a potion of brilliance for 64 gold pieces
 35675 | Shoals:2 | Bought a scroll of magic mapping for 56 gold pieces
 35675 | Shoals:2 | Bought a potion of haste for 160 gold pieces
 35675 | Shoals:2 | Bought 2 potions of curing for 96 gold pieces
 36187 | Shoals:2 | Killed a kraken
 36860 | Shoals:3 | Offered knowledge of Lightning Bolt by Vehumet.
 37479 | Shoals:3 | Found Jaumaroo's Weapon Shoppe.
 37648 | Shoals:3 | Learned a level 8 spell: Ignition
 38716 | Shoals:4 | Entered Level 4 of the Shoals
 38716 | Shoals:4 | Noticed Bai Suzhen
 38730 | Shoals:3 | Killed Bai Suzhen
 41258 | Shoals:4 | Learned a level 6 spell: Iron Shot
 41359 | Shoals:4 | Reached XP level 18. HP: 104/118 MP: 36/36
 41751 | Shoals:4 | Offered knowledge of Lehudib's Crystal Spear by Vehumet.
 41950 | Shoals:4 | Reached skill level 15 in Fire Magic
 42484 | Shoals:4 | Got a flickering brass amulet
 42486 | Shoals:4 | Identified the amulet "Mocuj" {Acrobat Fragile +Inv rPois}
                  | (You found it on level 4 of the Shoals)
 42567 | Shoals:4 | Got a barnacled rune of Zot
 43337 | Spider:1 | Entered Level 1 of the Spider Nest
 46378 | Spider:3 | Noticed Arachne
 46404 | Spider:3 | Killed Arachne
 46484 | Spider:3 | Identified the +1 leather armour of Hedging {Rampage} (You
                  | found it on level 3 of the Spider Nest)
 46524 | Spider:3 | Offered knowledge of Fire Storm by Vehumet.
 46524 | Spider:3 | Offered knowledge of Shatter by Vehumet.
 46524 | Spider:3 | Offered knowledge of Chain Lightning by Vehumet.
 47370 | Spider:4 | Entered Level 4 of the Spider Nest
 47372 | Spider:4 | Upgraded the game from 0.27-a0-12-g5dcdf963e0 to
                  | 0.27-a0-25-g087482e4d5
 47722 | Spider:3 | HP: 2/121 [wolf spider (17)]
 48094 | Spider:4 | Reached XP level 19. HP: 97/126 MP: 37/37
 49266 | Spider:4 | Got a gossamer rune of Zot
 49525 | Vaults:1 | Entered Level 1 of the Vaults
 49652 | Vaults:1 | Noticed Saint Roka
 49671 | Vaults:1 | Killed Saint Roka
 50015 | Vaults:1 | Found Takhlur's Book Emporium.
 50294 | Vaults:1 | Reached skill level 10 in Evocations
 50487 | Vaults:1 | Reached skill level 15 in Earth Magic
 51357 | Vaults:1 | Reached XP level 20. HP: 124/134 MP: 39/39
 51627 | Vaults:1 | Identified the +8 arbalest of Asewn {flame, Stlth+}
 52557 | Elf:1    | Entered Level 1 of the Elven Halls
 52592 | Elf:1    | Reached skill level 10 in Dodging
 52640 | Elf:1    | Found a magical portal.
 52649 | WizLab   | Entered The Roulette of Golubria
 52649 | WizLab   | Found a transporter.
 53478 | Elf:1    | Found a huge runed gate.
 53478 | Elf:1    | Found a huge runed gate.
 53479 | Elf:1    | Found a huge runed gate.
 53479 | Elf:1    | Found a huge runed gate.
 53479 | Elf:1    | Found a huge runed gate.
 53479 | Elf:1    | Found a huge runed gate.
 53479 | Elf:1    | Found a huge runed gate.
 53480 | Elf:1    | Found a huge runed gate.
 53480 | Elf:1    | Found a huge runed gate.
 53480 | Elf:1    | Found a huge runed gate.
 53480 | Elf:1    | Found a huge runed gate.
 53480 | Elf:1    | Found a huge runed gate.
 53481 | Elf:1    | Found a huge runed gate.
 53482 | Elf:1    | Found a huge runed gate.
 53482 | Elf:1    | Found a huge runed gate.
 53483 | Elf:1    | Found a huge runed gate.
 53484 | Elf:1    | Found a huge runed gate.
 53496 | Elf:1    | Found a huge runed gate.
 53496 | Elf:1    | Found a huge runed gate.
 53496 | Elf:1    | Found a huge runed gate.
 53496 | Elf:1    | Found a huge runed gate.
 53496 | Elf:1    | Found a huge runed gate.
 53496 | Elf:1    | Found a huge runed gate.
 54011 | Elf:1    | Identified a scroll of acquirement
 54011 | Elf:1    | Acquired the +1 hat of Ratu {Slay+5 SInv Stlth+}
 54245 | Elf:1    | Acquired 1148 gold pieces
 54634 | Elf:2    | Acquired 1110 gold pieces
 54960 | Elf:2    | Reached XP level 21. HP: 141/141 MP: 41/41
 55134 | Elf:2    | Reached skill level 16 in Earth Magic
 55264 | Elf:2    | Found a runed translucent gate.
 55266 | Elf:2    | Found a runed translucent gate.
 55269 | Elf:2    | Found a runed translucent gate.
 55445 | Elf:3    | Entered Level 3 of the Elven Halls
 55490 | Elf:3    | Noticed Roxanne
 55495 | Elf:3    | Found Remaid's Gadget Emporium.
 55497 | Elf:3    | Killed Roxanne
 55518 | Elf:3    | Found Firch's Jewellery Boutique.
 55585 | Elf:3    | Found Xagocw's Gadget Shop.
 55609 | Elf:3    | Found Deopigry's Antique Weapon Shoppe.
 55617 | Elf:3    | Bought a warped quarterstaff for 288 gold pieces
 55617 | Elf:3    | Identified the +8 quarterstaff of Ammukla {venom, rC+ Str+2
                  | Int-3} (You bought it in a shop on level 3 of the Elven
                  | Halls)
 55639 | Elf:3    | Found Zadirph's Jewellery Emporium.
 55704 | Elf:3    | Identified the +7 mace of Dissent {flame, rN+}
 55740 | Elf:3    | Found Gymnu's Antique Armour Shop.
 55740 | Elf:3    | Found Emyxt's Magic Scroll Boutique.
 55742 | Elf:3    | Found Wiylon's General Store.
 55744 | Elf:3    | Found Xisosey's Antique Weapon Shop.
 55765 | Elf:3    | Bought a warped cloak for 228 gold pieces
 55765 | Elf:3    | Bought a scorched leather armour for 168 gold pieces
 55765 | Elf:3    | Identified the +2 cloak of Fueci {rElec rC- Regen+ Dex+4}
                  | (You bought it in a shop on level 3 of the Elven Halls)
 55766 | Elf:3    | Identified the +1 leather armour "Gacs" {Harm rPois} (You
                  | bought it in a shop on level 3 of the Elven Halls)
 55782 | Elf:3    | Bought a scroll of blinking for 142 gold pieces
 55782 | Elf:3    | Bought a scroll of blinking for 142 gold pieces
 55782 | Elf:3    | Bought a scroll of holy word for 142 gold pieces
 55863 | Elf:3    | Found a runed translucent gate.
 55870 | Elf:3    | Found a runed translucent gate.
 55870 | Elf:3    | Found a runed translucent gate.
 56082 | Elf:3    | Found a radiant altar of Vehumet.
 56293 | Elf:3    | Noticed Beaer's ghost (adept VSBr)
 56310 | Elf:3    | Killed Beaer's ghost
 56324 | Elf:3    | Identified the +1 pair of gloves of Foolhardiness {Will+}
                  | (You found it on level 3 of the Elven Halls)
 57033 | Elf:3    | Identified the +7 ring mail of Foqaumu {rC+ rN+ Dex-2}
 57038 | Elf:3    | Identified the +10 glaive "Nounevenior" {flame, Dex+9}
 57490 | Elf:3    | Identified the cursed +1 rapier of the Pyrrhic Victory
                  | {drain, rF+ Str-3 Dex+6}
 57878 | Elf:3    | Identified the cursed +1 glaive "Qoinat Gefio" {vorpal,
                  | Fragile Will++ Str+9}
 57878 | Elf:3    | Identified the ring "Ocobabb" {rElec MP+9 Dex+3}
 57915 | Elf:3    | Cast into level 2 of the Abyss (a deep elf sorcerer)
 58200 | Elf:3    | Escaped the Abyss
 58208 | Elf:3    | Identified the cursed +1 swamp dragon scales of Impatience
                  | {*Corrode rElec rPois rN+}
 58213 | Elf:3    | Reached skill level 15 in Conjurations
 58447 | Elf:3    | Reached skill level 17 in Earth Magic
 58932 | Vaults:1 | Learned a level 9 spell: Shatter
 59722 | Vaults:2 | Reached XP level 22. HP: 149/149 MP: 43/43
 59873 | Vaults:2 | Reached skill level 18 in Earth Magic
 60075 | Vaults:2 | Reached skill level 19 in Earth Magic
 60567 | Vaults:2 | Identified the amulet "Ickilumm" {Spirit rF++ Int-4}
 61048 | Vaults:3 | Found a staircase to the Crypt.
 61060 | Vaults:3 | Reached skill level 20 in Earth Magic
 61351 | Vaults:3 | Reached skill level 21 in Earth Magic
 61891 | Vaults:3 | Identified the cursed +1 battleaxe "Uthrom" {venom, +Inv
                  | Dex+3 Stlth+}
 62206 | Vaults:3 | Reached XP level 23. HP: 154/154 MP: 44/44
 62566 | Vaults:3 | Reached skill level 22 in Earth Magic
 63568 | Crypt:1  | Entered Level 1 of the Crypt
 65244 | Vaults:5 | Entered Level 5 of the Vaults
 65249 | Vaults:5 | Noticed an ancient lich
 65253 | Vaults:5 | Killed an ancient lich
 65257 | Vaults:5 | Reached XP level 24. HP: 116/162 MP: 44/44
 65263 | Vaults:5 | Killed from afar by a tengu reaver

Illustrated notes

Levels and vault maps discovered:
D:1:      co_arrival_random_square_maze, layout_loops_corners,
          minmay_worlds_worst_comb
D:2:      layout_loops_cross, marbit_many_paths, old_standard_altar,
          grunt_decor_cap, grunt_gozag_statues
D:3:      layout_basic, grunt_qazlal_sundering, amethyst_overflow_temple_binary,
          nicolae_dithmenos_shadow_blocks
D:4:      layout_loops_corners, chequers_serial_rivers_micro_a,
          minmay_misc_feat_tiny, kennysheep_generic_room_2
D:5:      layout_basic, old_standard_altar, gammafunk_temple_overflow_elements,
          trog_hazing_becter, uniq_pikel, uniq_menkaure
D:6:      layout_loops_corners, lemuel_round_altar, nicolae_ru_path_of_blood
D:7:      layout_rooms, minmay_temple_entry_stoned_glass, minmay_door_square,
          nrook_pool_corridor
D:8:      layout_loops_ring, gammafunk_ghost_wrathful_warriors, serial_shops,
          nicolae_shop_window_shopping
D:9:      layout_loops_ring, tgw_sif, uniq_maggie
D:10:     layout_big_octagon, uniq_urug
D:11:     layout_roguey, grunt_lair_entry_orc_guard_hut, basic_altar,
          serial_shops, shop
D:12:     layout_basic, erik_orc_2, gauntlet_entry_generic,
          hangedman_decor_slide_cut
D:13:     layout_basic, nicolae_xom_altar_mimics
D:14:     layout_rooms, david_vaults_1, basic_altar,
          chequers_serial_rivers_room_a
D:15:     hangedman_depths_entry_try_elsewhere_first, layout_cave_pods,
          nrook_mini_backslash, due_unseen_surprise
Temple:   minmay_temple_curvy_loop
Lair:1:   layout_hall_layers
Lair:2:   nzn_winding_woodlands_stair_trap
          [nzn_winding_woodlands_5x15_sidewinder,
          nzn_winding_woodlands_5x15_zeroes,
          nzn_winding_woodlands_5x15_longhouse,
          nzn_winding_woodlands_15x15_killbox,
          nzn_winding_woodlands_5x15_crooked,
          nzn_winding_woodlands_5x15_default, nzn_winding_woodlands_5x15_pool],
          layout_chaotic_city, spider_nest_entry_web_field, serial_bayou_shore_b
Lair:3:   statuecave_lemuel, layout_layer_cave, grunt_megastairs_5,
          serial_bayou_shore_b
Lair:4:   layout_misc_corridors, shoals_dummy_entry, minmay_lair_oklob_chamber
Lair:5:   layout_loops_ring
Lair:6:   gammafunk_lair_ancient_temple, layout_hall_layers,
          dpeg_slime_entry_corner
Shoals:1: layout_shoals, portal_ice_cave_entry_pillars_four, uniq_josephine
Shoals:2: layout_shoals, serial_shops, nicolae_shop_stone,
          nicolae_shoals_kraken_intersection
Shoals:3: layout_shoals, serial_shops, shop_fountains,
          nicolae_shoals_isolated_beach
Shoals:4: shoals_end_grunt_ice, layout_shoals, uniq_bai_suzhen
Spider:1: layout_spider_delve
Spider:2: layout_chambers
Spider:3: layout_spider_delve, drop_trap, hangedman_spider_mandibles,
          uniq_arachne
Spider:4: spider_rune_water
Orc:1:    cheibrodos_orc_guarddog, layout_diamond_mine, okawaru_metal_pillars_3,
          uniq_harold
Orc:2:    st_orc_open, layout_caves
Elf:1:    layout_loops_ring, special_room [special_room_mythical_zoo],
          mu_enter_wizlab_5, hangedman_elven_crosses_minicolossus,
          not_door_vault_mu
Elf:2:    layout_geoelf_grid
Elf:3:    minmay_elf_hall_quartered_circle, layout_gridlike,
          gammafunk_ghost_tricky_traps, serial_shops, shop,
          nicolae_shop_overgrown_old_shop, shop, shop, shop_statue, basic_altar,
          minmay_shoptagon, uniq_roxanne
Vaults:1: hangedman_vaults_snaps, ontoclasm_vaults_twist, v_misc_31,
          nicolae_vaults_big_angled_halls, v_misc_19, v_misc_1,
          nicolae_vaults_shelves_hall, nicolae_vaults_yaktaur_gun_rack,
          nicolae_vaults_sealed_display, ontoclasm_vaults_gateway,
          nicolae_vaults_rhombus_6, layout_vaults_omnicross, serial_shops, shop,
          uniq_saint_roka
Vaults:2: nicolae_vaults_little_squares_1, nicolae_vaults_three_branches,
          v_misc_13, v_pattern_4, hangedman_vaults_stream,
          nicolae_vaults_little_squares_4, ontoclasm_vaults_ligature,
          nicolae_vaults_windows_and_doors_thing,
          ontoclasm_vaults_loading_screen, grunt_vaults_funnel,
          layout_vaults_ring
Vaults:3: nicolae_vaults_little_squares_5, hangedman_vaults_slither,
          minmay_crypt_entry_simple_corners, v_alt_pattern_5,
          nicolae_vaults_what_the_h, vaults_room_semicircle,
          ontoclasm_vaults_chip, vaults_room_fours, ontoclasm_vaults_ring_small,
          v_misc_12, nicolae_vaults_little_squares_2, vaults_dpeg_encased_lava,
          grunt_vaults_diagonal, layout_vaults_chaotic_city
Vaults:4: v_misc_11, v_alt_pattern_2, v_misc_28, grunt_vaults_bifocal,
          hangedman_vaults_stretched_pinwheel, vaults_room_boxed, v_misc_19,
          vaults_dpeg_hooks, vaults_room_grunt_arrival_checkpoint, v_misc_30,
          v_misc_19, nicolae_vaults_display_case, ontoclasm_vaults_misaligned,
          layout_vaults_maze_bifur
Vaults:5: serial_shops, uniq_margery, uniq_mara
Crypt:1:  layout_regular_city, grunt_crypt_arrival_split, grunt_megastairs_3,
          uniq_aizul, uniq_frederick

Skill      XL: |  1  2  3  4  5  6  7  8  9 10 11 12 13 14 15 16 17 18 19 20 21 22 23 |
---------------+----------------------------------------------------------------------+-----
Earth Magic    | 4 5 7 8 9 10 11 12 13 14 15 17 21 22 | 22.0
Conjurations   | 1 2 4 5 6 7 8 9 10 11 12 13 14 15 | 15.8
Spellcasting   | 3 5 6 7 8 9 10 11 12 13 | 13.8
Fighting       | 2 4 5 7 8 9 10 11 12 13 14 | 14.4
Armour         | 2 4 5 6 |  6.0
Maces & Flails | 2 4 5 6 7 8 9 10 11 12 13 | 13.4
Dodging        | 2 3 4 5 6 7 8 9 10 11 | 11.7
Evocations     | 1 3 4 5 6 7 8 9 10 | 10.0
Fire Magic     | 3 6 8 9 11 14 16 17 | 17.9
Stealth        | |  2.1
Transmutations | |  0.7

Action                   |  1- 3 |  4- 6 |  7- 9 | 10-12 | 13-15 | 16-18 | 19-21 | 22-24 || total
-------------------------+-------+-------+-------+-------+-------+-------+-------+-------++-------
Melee: Club              |    16 |       |       |       |       |       |       |       ||    16
       Short sword       |   120 |   179 |   183 |   158 |       |       |       |       ||   640
       Trident           |       |     1 |       |       |       |       |       |       ||     1
       Whip              |       |       |    99 |       |       |       |       |       ||    99
       Rapier            |       |       |       |    79 |       |       |       |       ||    79
       Morningstar       |       |       |       |   241 |   907 |   819 |   350 |   339 ||  2656
 Cast: Sandblast         |    14 |    54 |    60 |    84 |    19 |    10 |     1 |       ||   242
       Stone Arrow       |       |     1 |     4 |    15 |    10 |     1 |       |       ||    31
       Lee's Rapid Decon |       |       |     6 |    38 |    23 |    49 |   120 |    14 ||   250
       Bolt of Magma     |       |       |       |     6 |   139 |   181 |     5 |       ||   331
       Ignition          |       |       |       |       |       |    65 |    94 |    36 ||   195
       Iron Shot         |       |       |       |       |       |    55 |   100 |    33 ||   188
       Shatter           |       |       |       |       |       |       |       |    43 ||    43
 Abil: Fly               |       |       |       |       |     1 |       |       |       ||     1
Evoke: Wand              |       |     1 |     6 |     9 |     2 |    16 |       |       ||    34
       Box of beasts     |       |       |       |       |       |       |     1 |       ||     1
       Phial of floods   |       |       |       |       |       |       |     1 |       ||     1
  Use: Scroll            |       |    13 |     9 |    15 |     8 |    17 |    14 |       ||    76
       Potion            |       |       |       |    13 |     1 |     7 |     8 |       ||    29
 Stab: Sleeping          |     5 |     3 |     3 |     7 |     4 |     5 |     4 |     4 ||    35
       Distracted        |       |       |       |       |       |     2 |     4 |     1 ||     7
Armor: Robe              |    55 |    80 |   173 |   359 |   663 |   599 |   222 |   149 ||  2300
Dodge: Dodged            |    90 |   130 |   242 |   406 |  1101 |  1272 |   372 |   328 ||  3941

Table legend: (Time is in decaauts)
 A = Elapsed time spent in this place.
 B = Non-inter-level travel time spent in this place.
 C = Inter-level travel time spent in this place.
 D = Time resting spent in this place.
 E = Time spent auto-exploring this place.
 F = Levels seen in this place.
 G = Mean time per level.
                   A        B        C        D        E       F      G
               +--------+--------+--------+--------+--------+-----+--------+
         Total |  65472 |  62047 |   3425 |  16303 |  33952 |  45 | 1454.9 |
       Dungeon |  18523 |  17420 |   1103 |   2429 |  11628 |  15 | 1234.9 |
        Temple |    220 |    152 |     68 |      0 |    146 |   1 |  220.0 |
          Lair |   9525 |   8947 |    578 |   1842 |   5374 |   6 | 1587.5 |
        Shoals |  10963 |  10632 |    331 |   4826 |   4018 |   4 | 2740.8 |
   Spider Nest |   5870 |   5583 |    287 |   1856 |   2978 |   4 | 1467.5 |
  Orcish Mines |   2927 |   2651 |    276 |    525 |   1499 |   2 | 1463.5 |
   Elven Halls |   5784 |   5471 |    313 |   2201 |   1910 |   3 | 1928.0 |
        Vaults |   9128 |   8661 |    467 |   1421 |   5675 |   5 | 1825.6 |
         Crypt |      1 |      1 |      0 |      0 |      0 |   1 |    1.0 |
         Abyss |    280 |    280 |      0 |     65 |    155 |   1 |  280.0 |
      Ice Cave |   1431 |   1431 |      0 |    743 |    406 |   1 | 1431.0 |
        Wizlab |      3 |      3 |      0 |      0 |      0 |   1 |    3.0 |
      Gauntlet |    811 |    811 |      0 |    395 |    163 |   1 |  811.0 |
               +--------+--------+--------+--------+--------+-----+--------+

Top non-repeatable levels by time:
Shoals:4: 3464 daAuts
Shoals:3: 2973 daAuts
Vaults:1: 2958 daAuts
  Lair:6: 2623 daAuts
Vaults:3: 2610 daAuts
   Elf:3: 2554 daAuts
Shoals:1: 2288 daAuts
Shoals:2: 2236 daAuts
  Lair:2: 2068 daAuts
Vaults:2: 1949 daAuts
   Elf:1: 1919 daAuts
     D:1: 1840 daAuts
    D:12: 1805 daAuts
    D:13: 1730 daAuts
   Orc:1: 1707 daAuts
